 Dungeon Crawl Stone Soup version 0.19.4 (webtiles) character file.

10289 protoss039 the Basher (level 11, -2/59 HPs)
             Began as a Gargoyle Fighter on Feb 2, 2017.
             Was a High Priest of Okawaru.
             Slain by a manticore (8 damage)
             ... on level 11 of the Dungeon.
             The game lasted 00:50:26 (10360 turns).

protoss039 the Basher (Gargoyle Fighter)           Turns: 10360, Time: 00:50:27

Health: -2/59      AC: 26    Str: 28 (29) XL:     11   Next: 59%
Magic:  15/15      EV:  7    Int: 10 (11) God:    Okawaru [*****.]
Gold:   523        SH: 13    Dex: 13      Spells: 0 memorised, 10 levels left

rFire  + . .     SeeInvis .     n - +1 flail (venom)
rCold  + . .     Gourm    .     N - +5 chain mail of Voloxki {rElec Str+3 Dex+4}
rNeg   + . .     Faith    .     c - +1 shield
rPois  ∞         Spirit   .     (no helmet)
rElec  +         Reflect  .     F - +0 cloak
rCorr  .         Harm     .     (no gloves)
MR     .....     Rnd*Rage +     (no boots)
Stlth  ..........               (no amulet)
                                L - ring of stealth
                                j - ring of protection from cold

@: mighty, exhausted, slowed, very slow
A: talons 1, slimy green scales 1, berserk 1, clever 1, deterioration 1, fire
resistance 1, frail 1, negative energy resistance 1, electricity resistance,
weak 1, unbreathing, petrification resistance, rot immunity, AC +7
a: Heroism, Finesse, Renounce Religion


You were on level 11 of the Dungeon.
You worshipped Okawaru.
Okawaru was extremely pleased with you.
You were not hungry.

You visited 2 branches of the dungeon, and saw 12 of its levels.

You collected 553 gold pieces.
You spent 30 gold pieces at shops.

Inventory:

Hand Weapons
 n - a +1 flail of venom (weapon)
 J - a +1 whip of protection
Missiles
 q - 5 poisoned javelins (quivered)
Armour
 c - a +1 shield (worn)
 s - a +0 chain mail
 F - a +0 cloak (worn)
 N - the +5 chain mail of Voloxki (worn) {rElec Str+3 Dex+4}
   (Okawaru gifted it to you on level 11 of the Dungeon)

   It affects your strength (+3).
   It affects your dexterity (+4).
   It insulates you from electricity.
Jewellery
 j - a ring of protection from cold (left hand)
 L - a ring of stealth (right hand)
Wands
 y - a wand of iceblast (6/15)
 D - a wand of digging (9/24)
 E - a wand of digging (14/24)
Scrolls
 g - 7 scrolls of remove curse
 k - 4 scrolls of teleportation
 l - 2 scrolls of blinking
 u - 2 scrolls of enchant weapon
 v - 3 scrolls of recharging
 x - a scroll of amnesia
 B - 2 scrolls of identify
 G - 2 scrolls of enchant armour
 H - a scroll of fog
Potions
 a - a potion of berserk rage
 b - 3 potions of cancellation
 d - a potion of might
 e - 2 potions of brilliance
 i - 4 potions of invisibility
 o - a potion of mutation {unknown}
 p - 2 potions of agility
 r - 5 potions of curing
 w - 4 potions of haste
 z - 2 potions of ambrosia
 A - a potion of flight {unknown}
 C - a potion of resistance {unknown}
 K - a potion of degeneration {unknown}
Books
 I - a book of Cantrips

   Spells                             Type                      Level
   a - Confusing Touch                Hexes                        1
   b - Animate Skeleton               Necromancy                   1
   c - Summon Small Mammal            Summoning                    1
   d - Apportation                    Translocation                1
Comestibles
 f - 8 bread rations
 h - 4 meat rations
 m - a beef jerky
 M - 5 fruits


   Skills:
 + Level 6.9 Fighting
 * Level 12.2 Maces & Flails
 + Level 7.9 Armour
 + Level 9.5 Shields
 * Level 6.1 Invocations


You had 10 spell levels left.
You didn't know any spells.

Dungeon Overview and Level Annotations

Branches:
Dungeon (11/15)            Temple (1/1) D:4            Lair (0/6) D:10
    Orc (0/2) D:9

Altars:
Ashenzari
Cheibriados
Dithmenos
Elyvilon
Fedhas
Gozag
Hepliaklqana
Kikubaaqudgha
Makhleb
Nemelex Xobeh
Okawaru
Qazlal
Ru
Sif Muna
Trog
Uskayaw
Vehumet
Xom
Yredelemnul
Zin
The Shining One

Shops:
D:4 [   D:8 ?


Innate Abilities, Weirdness & Mutations

You are resistant to torment.
Your stone body is resilient. (AC +7)
You are immune to poison.
You resist negative energy. (rN+)
You are resistant to electric shocks. (rElec)
You can survive without breathing.
You are immune to petrification.
You are immune to rotting.
You have sharp toenails.
You are partially covered in slimy green scales. (AC +2)
You tend to lose your temper in combat.
Your mind is acute. (Int +2)
Your body sometimes deteriorates upon taking damage.
Your flesh is heat resistant. (rF+)
You are frail. (-10% HP)
You are weak. (Str -2)


Message History

The orc wizard blinks!
Unknown command.
Unknown command.
Okay, then.
Unknown command.
You strike the helpless manticore from behind!
You sock the manticore!
Your attack snaps the manticore out of its fear.
You claw the manticore, but do no damage.
The manticore is moderately wounded.
Cornered, the manticore turns to fight!
The meliai calls down the wrath of its god upon you.
Something smites you!
* * * LOW HITPOINT WARNING * * *
Your body deteriorates!
You feel dopey.
The deep elf mage mumbles some strange words.
The deep elf mage blinks!
The orc wizard gestures wildly while chanting.
The orc wizard blinks!
The manticore bites you!
You die...

#.# #....####
#####.#######........
##....................
#..#####..............
#..#|c}#.+############
#..#yR§#....>...
#..#yWW#......##
#.o##H##......#
#...8@8.......#
#.#..§.######.#
#......§....#.#
##..........# #
#..........#
###........#
#........#
#....e...'..
#........#...


You could see a yaktaur captain (fleeing), a manticore, a deep elf mage
(fleeing), an efreet, 2 hungry ghosts, a vampire mosquito, a meliai and an orc
wizard (fleeing).

Vanquished Creatures
  The ghost of Paps the Covert, a novice GrAs of Dithmenos (D:8)
  Pikel (D:7)
  The ghost of Agrougrou the Thaumaturge, a novice DEWz (D:5)
  Grinder (D:6)
  2 hippogriffs
  A meliai zombie (D:11)
  The ghost of Paps the Sneak, an amateur GrAs (D:4)
  A spriggan (D:7)
  13 yaks
  The ghost of angel3174 the Shield-Bearer, an amateur DsFi (D:3)
  A hungry ghost (D:11)
  Edmund (D:4)
  3 wargs
  A water moccasin (D:10)
  6 sky beasts
  An orc warrior (D:8)
  2 black bears
  5 ice beasts
  4 slaves (D:7)
  4 ogres
  A phantom (D:5)
  3 centaurs
  2 big kobolds
  3 bullfrogs
  A water moccasin zombie (D:8)
  4 scorpions
  24 killer bees
  3 howler monkeys
  3 wights (D:11)
  2 crimson imps
  3 hounds
  2 jellies
  8 orc priests
  7 orc wizards
  4 iguanas
  11 worker ants
  A worker ant zombie (D:10)
  A howler monkey skeleton (D:6)
  12 adders
  10 gnolls
  2 shadow imps
  An ooze (D:3)
  An adder skeleton (D:8)
  An adder zombie (D:7)
  3 worms
  A dart slug (D:1)
  8 leopard geckos
  38 orcs
  4 giant cockroaches
  2 gnoll zombies (D:8)
  8 goblins
  6 hobgoblins
  20 jackals
  7 quokkas
  2 ball pythons
  4 bats
  4 frilled lizards
  17 kobolds
  A leopard gecko skeleton (D:4)
  A leopard gecko zombie (D:7)
  16 rats
303 creatures vanquished.

Notes
Turn   | Place    | Note
-------+----------+-------------------------------------------
     0 | D:1      | protoss039 the Gargoyle Fighter began the quest for the Orb.
     0 | D:1      | Reached XP level 1. HP: 14/14 MP: 1/1
   195 | D:1      | Reached XP level 2. HP: 19/19 MP: 2/2
   575 | D:1      | Reached XP level 3. HP: 23/23 MP: 3/3
   921 | D:2      | Found a blossoming altar of Fedhas.
  1087 | D:2      | Reached skill level 3 in Maces & Flails
  1143 | D:2      | Reached XP level 4. HP: 20/28 MP: 4/4
  1481 | D:2      | Reached XP level 5. HP: 30/33 MP: 5/5
  1491 | D:2      | Reached skill level 4 in Maces & Flails
  1692 | D:3      | Noticed angel3174's ghost (amateur DsFi)
  1723 | D:3      | Killed angel3174's ghost
  1723 | D:3      | Reached skill level 5 in Maces & Flails
  1723 | D:3      | Reached XP level 6. HP: 25/38 MP: 6/6
  1751 | D:3      | Noticed a black bear
  1766 | D:3      | Killed a black bear
  2223 | D:3      | Reached XP level 7. HP: 24/43 MP: 7/7
  2423 | D:3      | Found a sparkling altar of Nemelex Xobeh.
  2705 | D:4      | Found Kerhiz's Antique Armour Shoppe.
  2804 | D:4      | Reached skill level 6 in Maces & Flails
  2963 | D:4      | Found a staircase to the Ecumenical Temple.
  2972 | Temple   | Entered the Ecumenical Temple
  3030 | Temple   | Became a worshipper of Warmaster Okawaru
  3120 | D:4      | Noticed Paps's ghost (amateur GrAs)
  3136 | D:4      | Killed Paps's ghost
  3136 | D:4      | Reached skill level 5 in Shields
  3605 | D:4      | Noticed Edmund
  3645 | D:5      | Entered Level 5 of the Dungeon
  3722 | D:5      | Reached XP level 8. HP: 38/48 MP: 8/8
  3799 | D:4      | Killed Edmund
  3799 | D:4      | Reached * piety under Okawaru
  3799 | D:4      | Reached skill level 7 in Maces & Flails
  3865 | D:4      | Reached skill level 5 in Armour
  4090 | D:5      | Found a burning altar of Makhleb.
  4354 | D:5      | Noticed Agrougrou's ghost (novice DEWz)
  4387 | D:5      | Killed Agrougrou's ghost
  4387 | D:5      | Reached ** piety under Okawaru
  4387 | D:5      | Reached skill level 8 in Maces & Flails
  4700 | D:5      | Reached skill level 5 in Fighting
  4886 | D:5      | Reached XP level 9. HP: 52/54 MP: 9/9
  5319 | D:6      | Noticed Grinder
  5327 | D:6      | Paralysed by Grinder for 4 turns
  5337 | D:6      | Paralysed by Grinder for 6 turns
  5356 | D:6      | Killed Grinder
  5356 | D:6      | Reached skill level 9 in Maces & Flails
  5534 | D:6      | Found a white marble altar of Elyvilon.
  5707 | D:6      | Reached skill level 1 in Invocations
  5739 | D:6      | Found a glowing golden altar of the Shining One.
  5799 | D:7      | Noticed Pikel
  5842 | D:7      | Killed Pikel
  5842 | D:7      | Reached *** piety under Okawaru
  6110 | D:7      | Gained mutation: You are frail. (-10% HP) [mutagenic meat]
  6111 | D:7      | Gained mutation: You have sharp toenails. [mutagenic meat]
  6112 | D:7      | Gained mutation: You tend to lose your temper in combat. [mutagenic meat]
  6113 | D:7      | Gained mutation: Your body sometimes deteriorates upon taking damage. [mutagenic meat]
  6338 | D:7      | Found a snail-covered altar of Cheibriados.
  6437 | D:7      | Reached skill level 10 in Maces & Flails
  6442 | D:7      | Found a deep blue altar of Sif Muna.
  6548 | D:7      | Found a bloodstained altar of Trog.
  6569 | D:7      | Reached **** piety under Okawaru
  6569 | D:7      | Reached XP level 10. HP: 54/54 MP: 12/12
  6898 | D:8      | Noticed Paps's ghost (novice GrAs)
  6966 | D:8      | Killed Paps's ghost
  7357 | D:8      | Found a hide-covered altar of Uskayaw.
  7499 | D:8      | Found Paestridd's Magic Scroll Shoppe.
  7504 | D:8      | Bought a scroll of identify for 30 gold pieces
  7538 | D:8      | Gained mutation: You are weak. (Str -2) [mutagenic meat]
  7539 | D:8      | Gained mutation: You are agile. (Dex +2) [mutagenic meat]
  7540 | D:8      | Gained mutation: Your mind is acute. (Int +2) [mutagenic meat]
  7541 | D:8      | Lost mutation: You are weak. (Str -2) [mutagenic meat]
  7542 | D:8      | Gained mutation: You are weak. (Str -2) [mutagenic meat]
  7543 | D:8      | Gained mutation: You are partially covered in slimy green scales. (AC +2) [mutagenic meat]
  7649 | D:8      | Found a basalt altar of Yredelemnul.
  7720 | D:9      | Found a staircase to the Orcish Mines.
  7748 | D:9      | Received a gift from Okawaru
  7839 | D:9      | Reached skill level 5 in Invocations
  7949 | D:9      | Reached skill level 11 in Maces & Flails
  8099 | D:9      | Reached ***** piety under Okawaru
  8136 | D:9      | Found a shadowy altar of Dithmenos.
  8195 | D:9      | Reached XP level 11. HP: 53/59 MP: 14/14
  8253 | D:9      | Gained mutation: Your flesh is heat resistant. (rF+) [mutagenic meat]
  8254 | D:9      | Lost mutation: You are agile. (Dex +2) [mutagenic meat]
  8422 | D:9      | Found a hazy altar of Hepliaklqana.
  8626 | D:10     | Entered Level 10 of the Dungeon
  9436 | D:10     | Found a staircase to the Lair.
  9615 | D:10     | Reached skill level 12 in Maces & Flails
 10183 | D:10     | Found a snail-covered altar of Cheibriados.
 10311 | D:11     | Found a runed door.
 10335 | D:11     | Received a gift from Okawaru
 10339 | D:11     | Got a diamond-encrusted chain mail {god gift}
 10354 | D:11     | Identified the +5 chain mail of Voloxki {rElec Str+3 Dex+4} (Okawaru gifted it to you on level 11 of the Dungeon)
 10357 | D:11     | Noticed a yaktaur captain
 10357 | D:11     | Noticed a manticore
 10357 | D:11     | Noticed a deep elf mage
 10360 | D:11     | Slain by a manticore

Skill      XL: |  1  2  3  4  5  6  7  8  9 10 11 |
---------------+----------------------------------+-----
Maces & Flails | 3 5 6 8 10 11 12 | 12.2
Shields        | 4 5 7 8 9 |  9.5
Fighting       | 4 5 6 |  6.9
Armour         | 4 5 6 7 |  7.9
Invocations    | 3 5 6 |  6.1

Action                   |  1- 3 |  4- 6 |  7- 9 | 10-12 || total
-------------------------+-------+-------+-------+-------++-------
Melee: Flail             |   169 |   197 |   377 |   714 ||  1457
       Hand axe          |       |    11 |     7 |       ||    18
       Trident           |       |       |     4 |       ||     4
       Kick              |       |       |    13 |   161 ||   174
Throw: Javelin           |       |       |       |     7 ||     7
  Use: Scroll            |       |     3 |    12 |    11 ||    26
       Potion            |       |       |       |     2 ||     2
 Stab: Fleeing           |       |       |       |     1 ||     1
  Eat: Chunk             |     1 |     4 |    16 |    22 ||    43
       Pizza             |       |       |     1 |     1 ||     2
       Beef jerky        |       |       |     1 |       ||     1
Armor: Scale mail        |    99 |   145 |    92 |       ||   336
       Chain mail        |       |       |   134 |   370 ||   504
Dodge: Dodged            |    65 |    83 |    99 |   149 ||   396
Block: Shield            |    91 |   131 |   196 |   403 ||   821
